[Event "*** SCC Grand Prix: Titled Tuesday Blitz"]
[Site "Chess.com"]
[Date "2020.07.14"]
[Round "1"]
[White "chessdjw"]
[Black "RenarddesSurfaces"]
[Result "1/2-1/2"]
[WhiteElo "2673"]
[BlackElo "2372"]
[TimeControl "180+1"]
[EndTime "10:08:06 PDT"]
[Termination "Game drawn by repetition"]

1. d4 d5 2. c4 dxc4 3. e4 e5 4. Nf3 exd4 5. Bxc4 Bb4+ 6. Bd2 Bxd2+ 7. Nbxd2 Nc6 8.
O-O Qf6 9. e5 Qg6 10. Nb3 Bg4 11. Bd3 Qh5 12. Be4 Nge7 13. h3 Bf5 14. Bxf5 Qxf5 15.
Nfxd4 Qd7 16. Re1 Nxd4 17. Qxd4 Qxd4 18. Nxd4 O-O-O 19. Rad1 Rd5 20. e6 f6 21. Nf3 Rhd8 22.
Rxd5 Rxd5 23. g4 c5 24. Kg2 Kc7 25. Kg3 Kd6 26. Re2 Nc6 27. Nd2 Nd4 28. Ne4+ Kxe6 29.
Nxc5+ Kf7 30. Re4 Nf5+ 31. gxf5 Rxc5 32. Rd4 Ke7 33. Rb4 b6 34. Kf4 Rc2 35. f3 g5+ 36.
fxg6 hxg6 37. h4 Ke6 38. a3 Rh2 39. Ke3 Rc2 40. Kd3 Rc5 41. Re4+ Kf5 42. Ke3 Re5 43. Rxe5+ Kxe5 44. f4+ Kf5 45. Kf3 a6 46. b3 b5 47.
b4 Ke6 48. Ke4 f5+ 49. Kd4 Kd6 50. Ke3 Ke6 51. Kd2 Kd6 52. Kc3 Kc7 53. Kd4 Kd6 54. Kc3 Kc7 55. Kd4 Kd6 1/2-1/2

[Event "*** SCC Grand Prix: Titled Tuesday Blitz"]
[Site "Chess.com"]
[Date "2020.07.14"]
[Round "1"]
[White "shineatchess"]
[Black "GianmarcoVaR"]
[Result "0-1"]
[WhiteElo "2195"]
[BlackElo "2525"]
[TimeControl "180+1"]
[EndTime "10:08:06 PDT"]
[Termination "GianmarcoVaR won by checkmate"]

1. e4 c6 2. Nc3 d5 3. Nf3 dxe4 4.
Nxe4 Nf6 5. Qe2 Nxe4 6. Qxe4 Qa5 7. b4 Qf5 8. Bd3 Qxe4+ 9. Bxe4 Nd7 10. d4 Nf6 11.
Bd3 Nd5 12. Bd2 g6 13. c4 Nf6 14. O-O Bg7 15. Rfe1 Bg4 16. Ne5 Be6 17. Rac1 O-O 18. h3 Rfd8 19. Be3 a5 20. a3 axb4 21. axb4 Ra3 22.
Bf1 Nd7 23. Nxd7 Bxd7 24. d5 cxd5 25. cxd5 Bc3 26. Red1 Bxb4 27. Rc7 b5 28. Rb7 Bd6 29.
Bb6 Rb8 30. Rxd7 Rxb6 31. Rd8+ Kg7 32. Rb1 b4 33. Rc8 b3 34. Rc6 Rb4 35. Rc4 Raa4 36. Rxb4 Rxb4 37. Bd3 Kf6 38. g3 h5 39. f4 b2 40. h4 Rb3 41. Bc2 Rxg3+ 42. Kf2 Rg4 43. Rxb2 Rxf4+ 44. Ke3 Rxh4 45. Bd3 Ke5 46. Rf2 Bc5+ 47.
Ke2 Bxf2 48. Kxf2 Kxd5 49. Kg3 Rb4 50. Be2 Ke5 51. Bf3 Kf5 52. Kf2 Kf4 53. Bc6 Rb2+ 54. Ke1 Ke3 55. Kd1 Kd3 56. Kc1 Rc2+ 57. Kb1 Rxc6 58. Kb2 Rb6+ 59. Ka3 Kc4 60. Ka4 Ra6# 0-1

[Event "*** SCC Grand Prix: Titled Tuesday Blitz"]
[Site "Chess.com"]
[Date "2020.07.14"]
[Round "1"]
[White "malakismayil"]
[Black "Skatchkov_V"]
[Result "0-1"]
[WhiteElo "2241"]
[BlackElo "2567"]
[TimeControl "180+1"]
[EndTime "10:08:07 PDT"]
[Termination "Skatchkov_V won by resignation"]

1. e4 e5 2. Nf3 Nf6 3. Nxe5 d6 4. Nf3 Nxe4 5. Nc3 Nxc3 6. dxc3 Be7 7. Bd3 O-O 8. O-O Bg4 9. h3 Bh5 10. Bf4 Nd7 11. Be2 Nc5 12. Nd4 Bg6 13. Bf3 c6 14. c4 Bf6 15. Rb1 a5 16. Nb3 Nxb3 17.
axb3 Be5 18. Be3 Qf6 19. Qd2 Bxb2 20. Bg5 Qd4 21. Rbd1 Qxd2 22. Rxd2 Be5 23. Bd1 a4 24. bxa4 f6 25. Be3 Rxa4 26. f4 Bc3 27. Rxd6 Rxc4 28. f5 Bf7 29. Bf3 Be5 30. Rd7 b5 31. Rf2 Ra8 32.
g4 h6 33. Rfd2 Ra3 34. Kf2 Rcc3 35. Re2 Bf4 36. Re7 Bc4 37. Bxc6 Bd6 38. Re8+ Kh7 39.
Rd2 Rxe3 40. Rxe3 Bc5 41. Re2 Bxe2 42. Kxe2 Rxe3+ 43. Kd2 b4 44. Bd5 Rxh3 45. Bf7 Rg3 46. Bg6+ Kg8 47. Bh5 Kf8 0-1

[Event "*** SCC Grand Prix: Titled Tuesday Blitz"]
[Site "Chess.com"]
[Date "2020.07.14"]
[Round "1"]
[White "LastHeroJr"]
[Black "GeorgMeier"]
[Result "0-1"]
[WhiteElo "2440"]
[BlackElo "2963"]
[TimeControl "180+1"]
[EndTime "10:08:08 PDT"]
[Termination "GeorgMeier won on time"]

1. e4 e6 2. d4 d5 3. Nd2 dxe4 4.
Nxe4 Nd7 5. Nf3 Ngf6 6. Nxf6+ Nxf6 7. Bd3 c5 8. O-O cxd4 9. Nxd4 Bc5 10. Be3 Bb6 11.
c3 O-O 12. Qc2 e5 13. Nf3 Bxe3 14. fxe3 Qe7 15. Ng5 h6 16. Rxf6 Qxf6 17. Nh7 Qb6 18. Nxf8 Qxe3+ 19. Kh1 Kxf8 20. Be4 Be6 21. Bxb7 Rd8 22.
Rd1 Rxd1+ 23. Qxd1 Ke7 24. Bf3 f5 25. a3 g5 26. h3 e4 27. Bh5 f4 28. Bg4 Qd3 29.
Qxd3 exd3 30. Bd1 Kd6 31. Kg1 Bd5 32. Kf2 a5 33. g3 Kc5 34. h4 Kc4 35. hxg5 hxg5 36.
gxf4 gxf4 37. Ke1 Bc6 38. Kd2 Be4 39. Bg4 Kc5 40. b3 Kb5 41. c4+ Kc5 42. Bh5 a4 43. bxa4 Kxc4 44. a5 Kb5 45. a6 Kxa6 46. Bf7 Kb5 47.
Be8+ Kc4 48. Ba4 Kd4 49. Bb5 f3 50. Ke1 Ke3 51. Kd1 f2 52. Bxd3 Bxd3 53. Kc1 f1=Q+ 0-1

[Event "*** SCC Grand Prix: Titled Tuesday Blitz"]
[Site "Chess.com"]
[Date "2020.07.14"]
[Round "1"]
[White "NormWeinstein"]
[Black "penguingm1"]
[Result "0-1"]
[WhiteElo "2439"]
[BlackElo "2945"]
[TimeControl "180+1"]
[EndTime "10:08:08 PDT"]
[Termination "penguingm1 won by resignation"]

1. e4 e5 2. Nf3 Nc6 3. Bb5 g6 4. c3 a6 5. Ba4 Bg7 6. O-O b5 7.
Bb3 Na5 8. Bc2 Ne7 9. d4 exd4 10. cxd4 O-O 11. Nc3 d6 12. h3 Bb7 13. Re1 c5 14. d5 Nc4 15. Rb1 Re8 16. Ne2 Nb6 17. Ng3 a5 18. Bf4 b4 19. Qc1 a4 20. Bh6 Bh8 21. Bg5 c4 22. e5 dxe5 23. Nxe5 f6 24. Ng4 Nexd5 25. Nh6+ Kf8 26. Rxe8+ Qxe8 27. Bd2 Bg7 28. Ng4 h5 29. Ne3 Rd8 30. Be4 f5 31. Bxd5 Nxd5 32. Nxd5 Bxd5 33. Bxb4+ Kg8 34. Bc3 h4 35.
Nf1 Qe4 36. Ne3 Bh6 37. Qf1 Bxe3 38. fxe3 Qxe3+ 39. Kh2 Qg3+ 40. Kg1 Re8 41. Re1 Rxe1 42. Bxe1 Qe3+ 43. Bf2 Qe4 44. Be1 g5 45. Qf2 g4 46.
Qd2 gxh3 47. Qg5+ Kf7 48. Qh5+ Ke6 49. Qh6+ Kd7 50. Qg7+ Kc6 51. Bc3 Qxg2+ 52. Qxg2 hxg2 53. Be5 h3 54. Kh2 Bf3 55. Bd4 Bg4 56. Kg3 Kd5 57. Bg1 Ke4 58. Kf2 Kd3 59. Ke1 Kc2 60.
Bd4 h2 0-1

[Event "*** SCC Grand Prix: Titled Tuesday Blitz"]
[Site "Chess.com"]
[Date "2020.07.14"]
[Round "1"]
[White "if_name_main_a"]
[Black "Biranidun"]
[Result "0-1"]
[WhiteElo "2427"]
[BlackElo "2865"]
[TimeControl "180+1"]
[EndTime "10:08:08 PDT"]
[Termination "Biranidun won by checkmate"]

1. c4 e5 2. Nc3 Nf6 3. Nf3 Nc6 4. e4 Bb4 5. d3 d6 6. Bd2 a5 7. Be2 O-O 8. O-O Bc5 9. h3 h6 10. Qc1 Nh7 11. Nd5 f5 12. a3 a4 13. exf5 Bxf5 14.
Be3 Na5 15. Qc3 Nb3 16. Rae1 c6 17. Bxc5 cxd5 18. Bb4 Rc8 19. Bd1 d4 20. Qc2 b5 21.
Qe2 Nc1 22. Qd2 Nxd3 23. cxb5 Nxe1 24. Rxe1 Qb6 25. Bxa4 Nf6 26. Bb3+ Kh8 27. a4 Ne4 28. Qd1 Rf6 29. Bd5 Nc5 30. Nd2 Nd3 31. Nc4 Rxc4 32.
Bxc4 Nxb4 33. Qd2 Qa5 34. Ra1 Rf8 35. Ra3 Rc8 36. Bf7 Rc2 37. Qe1 Rxb2 38. Kh2 e4 39.
Rg3 d5 40. Qc1 Rc2 41. Qf4 Qd8 42. Qxf5 Nd3 43. Qg6 Qf6 44. Qxf6 gxf6 45. Bxd5 Nxf2 46.
b6 e3 47. b7 Rb2 48. Rg8+ Kh7 49. b8=Q Rxb8 50. Rxb8 e2 51. Re8 d3 52. Bc4 f5 53. a5 Ne4 54. a6 e1=Q 55. a7 Qg3+ 56. Kh1 Qe1+ 57. Kh2 Qg3+ 58. Kh1 Nf2+ 59. Kg1 Nxh3+ 60.
Kh1 Nf2+ 61. Kg1 Ng4 62. a8=Q Qf2+ 63. Kh1 Qf1# 0-1

[Event "*** SCC Grand Prix: Titled Tuesday Blitz"]
[Site "Chess.com"]
[Date "2020.07.14"]
[Round "1"]
[White "K-Nygren"]
[Black "Joseacorrea"]
[Result "1-0"]
[WhiteElo "2460"]
[BlackElo "1944"]
[TimeControl "180+1"]
[EndTime "10:08:10 PDT"]
[Termination "K-Nygren won on time"]

1. e4 c5 2. Nf3 g6 3. c3 d5 4.
exd5 Qxd5 5. Be2 Bg7 6. O-O Nf6 7. d4 cxd4 8. Nxd4 O-O 9. Bf3 Qd7 10. Qc2 e5 11.
Nb3 Qf5 12. Qxf5 gxf5 13. Bg5 e4 14. Be2 Nc6 15. N1d2 Be6 16. Nc5 b6 17. Nxe6 fxe6 18. Bc4 Nd5 19. f3 exf3 20. Nxf3 Ne5 21. Nxe5 Bxe5 22.
Rae1 Bf6 23. Rxe6 Bxg5 24. Bxd5 Rad8 25. Re5+ Kg7 26. Rfxf5 Bf6 27. Re3 Bd4 28. Rg5+ Kf6 29. cxd4 Kxg5 30. Bf3 Rfe8 31. Rd3 Kf5 32. d5 Ke5 33. h3 Kd6 34. Kh2 Re5 35. Rd4 Rf8 36. Rh4 Rf7 37. Kg3 Rg5+ 38. Kh2 h5 39. Rc4 Rc7 40. Rf4 Rc2 41. Rf6+ Ke5 42. Re6+ Kd4 43. d6 Rg8 44. d7 Rd8 45. Bc6 Rxc6 46. Rxc6 Rxd7 47. Rc2 Kd3 48. Rf2 Rh7 49. Kg3 Ke3 50. Rf3+ Ke4 51. Kh4 1-0

[Event "*** SCC Grand Prix: Titled Tuesday Blitz"]
[Site "Chess.com"]
[Date "2020.07.14"]
[Round "1"]
[White "Chessdemon2019"]
[Black "attack2mateU"]
[Result "0-1"]
[WhiteElo "2341"]
[BlackElo "2661"]
[TimeControl "180+1"]
[EndTime "10:08:11 PDT"]
[Termination "attack2mateU won by checkmate"]

1. e4 c5 2. Nf3 d6 3. d4 cxd4 4. Nxd4 Nf6 5. f3 Nc6 6. c4 Qb6 7. Nc2 e6 8. Nc3 Be7 9. Rb1 a6 10. Be3 Qc7 11. Be2 Ne5 12. b3 b5 13. Nd4 bxc4 14.
bxc4 O-O 15. O-O Nxc4 16. Bxc4 Qxc4 17. Qd2 e5 18. Nde2 Qc7 19. Rfc1 Qd8 20. Na4 Be6 21. Nb6 Rb8 22. a4 d5 23. exd5 Nxd5 24. Nxd5 Qxd5 25. Qxd5 Bxd5 26. Nc3 Be6 27. a5 Rfc8 28. Na4 Rxc1+ 29. Rxc1 Rb5 30. Bb6 Bb4 31. Nc3 Ba3 32. Rd1 Rb3 33. Rd8+ Bf8 34. Bc5 h5 35. Rxf8+ Kh7 36. Ne4 f6 37. Ra8 Bc4 38. Kf2 Rb2+ 39. Kg3 Bf1 40. Nf2 g5 41. h4 gxh4+ 42. Kxh4 Rc2 43. Ra7+ Kg6 44. Be3 f5 45. Rc7 Rxc7 46. Bb6 Rc4+ 47. Kg3 h4+ 48. Kh2 Rc2 49. Kg1 Bb5 50. Kh2 Bc6 51. Kg1 e4 52. fxe4 Bxe4 53. Nxe4 fxe4 54. Kh2 Kf5 55. Kh3 Kg5 56. g3 hxg3 57. Kxg3 Rc3+ 58.
Kf2 Kf4 59. Ke2 Rc2+ 60. Ke1 Ra2 61. Kd1 e3 62. Ke1 Ke4 63. Kd1 Kd3 64. Kc1 e2 65.
Bf2 Ra1+ 66. Kb2 Rf1 67. Bg3 e1=Q 68. Bxe1 Rxe1 69. Kb3 Rb1+ 70. Ka4 Kc3 71. Ka3 Ra1# 0-1

[Event "*** SCC Grand Prix: Titled Tuesday Blitz"]
[Site "Chess.com"]
[Date "2020.07.14"]
[Round "1"]
[White "QueenOfTactics90"]
[Black "Kopytkin"]
[Result "0-1"]
[WhiteElo "2001"]
[BlackElo "2469"]
[TimeControl "180+1"]
[EndTime "10:08:11 PDT"]
[Termination "Kopytkin won on time"]

1. e4 Nf6 2. e5 Nd5 3. c4 Nb6 4. d4 d6 5. f4 dxe5 6. fxe5 c5 7. Nf3 cxd4 8. Qxd4 Qxd4 9. Nxd4 Nc6 10. Nxc6 bxc6 11.
Nc3 e6 12. Be3 Bb4 13. O-O-O O-O 14. Be2 Bb7 15. Ne4 Rfd8 16. c5 Nd5 17. Bd4 Nf4 18. Bf3 Ba6 19. Nd6 Nd5 20. a3 Ba5 21. b4 Bc7 22. Bxd5 exd5 23. Rd2 Bc8 24. Rf2 Be6 25. Kd2 Rdb8 26. Kc3 a5 27. Rb1 axb4+ 28. axb4 Ra3+ 29.
Rb3 Ra4 30. h3 h6 31. b5 Ba5+ 32. Kd3 cxb5 33. Nxb5 Bd8 34. Rfb2 Rba8 35. Nd6 Ra3 36. c6 Bc7 37. Nb5 Rxb3+ 38. Rxb3 Rc8 39. Rc3 Ba5 40. Nd6 Bxc3 41. Nxc8 Bxc8 42. Bxc3 Kf8 43. Kd4 Be6 44. Kc5 Ke7 45. Kb6 Kd8 46. Kb7 Bc8+ 47.
Kb8 Bf5 48. Ba5+ Ke7 49. c7 d4 50. c8=Q Bxc8 51. Kxc8 Ke6 52. Kc7 Kxe5 53. Kc6 f5 54. Kc5 Ke4 55. Bd2 g5 56. Kc4 f4 0-1

[Event "*** SCC Grand Prix: Titled Tuesday Blitz"]
[Site "Chess.com"]
[Date "2020.07.14"]
[Round "1"]
[White "Barmen_EV"]
[Black "viditchess"]
[Result "0-1"]
[WhiteElo "2442"]
[BlackElo "3002"]
[TimeControl "180+1"]
[EndTime "10:08:13 PDT"]
[Termination "viditchess won on time"]

1. d4 Nf6 2. c4 e6 3. Nc3 Bb4 4. e3 O-O 5. Bd3 d5 6. Nf3 c5 7. cxd5 exd5 8. dxc5 Nbd7 9. O-O Nxc5 10. Ne2 Nce4 11. a3 Bd6 12. b4 Bg4 13. Nfd4 Nc3 14.
Qe1 Nxe2+ 15. Bxe2 Re8 16. Bb2 Rc8 17. h3 Bxe2 18. Qxe2 Bb8 19. Rac1 Qd6 20. Nf3 Rcd8 21. Bxf6 Qxf6 22. Rfd1 Rd7 23. Qb5 Red8 24. Rd4 g6 25. Rcd1 Qe6 26. e4 a6 27. exd5 Qf6 28. Qd3 Ba7 29. Re4 Qf5 30. Qe2 Rxd5 31. Re8+ Rxe8 32.
Qxe8+ Kg7 33. Rxd5 Qxd5 34. Qe5+ Qxe5 35. Nxe5 Kf6 36.
Nc4 Ke6 37. Kf1 Kd5 38. Nd2 Bd4 39. Ke2 b5 40. f3 Bb2 41. Kd3 Bxa3 42. Kc3 Bc1 43.
Nb3 Be3 44. Kd3 Bf2 45. g4 Be1 46. Nc5 Bxb4 47. Nxa6 Bd6 48. f4 f5 0-1

[Event "*** SCC Grand Prix: Titled Tuesday Blitz"]
[Site "Chess.com"]
[Date "2020.07.14"]
[Round "1"]
[White "doons21"]
[Black "MarceloPlaya"]
[Result "1-0"]
[WhiteElo "2625"]
[BlackElo "2312"]
[TimeControl "180+1"]
[EndTime "10:08:13 PDT"]
[Termination "doons21 won on time"]

1. e4 e6 2. d3 d5 3. Nd2 Bc5 4. Ngf3 Nf6 5. Be2 O-O 6. O-O Bb6 7. a4 c5 8. c3 Nc6 9. Re1 Bc7 10. Qc2 b6 11. Bf1 Ba6 12. g3 dxe4 13. dxe4 Bxf1 14.
Nxf1 Ne5 15. Nxe5 Bxe5 16. Ne3 Qe7 17. Nc4 Bc7 18. Bg5 h6 19. Bxf6 Qxf6 20. e5 Qe7 21. Qe4 Rfd8 22. Rad1 Rxd1 23. Rxd1 Rd8 24. Rxd8+ Qxd8 25. Kg2 Qd5 26. Kf3 a6 27. Qxd5 exd5 28. Ne3 d4 29. cxd4 cxd4 30. Nc4 b5 31. axb5 axb5 32. Nd6 f6 33. Ke4 fxe5 34. Nxb5 Bb6 35. f3 Kf7 36.
Nd6+ Ke6 37. Nc4 Bc7 38. b4 Kd7 39. b5 Bb8 40. h4 g6 41. g4 Ke7 42. h5 gxh5 43.
gxh5 Kf6 44. b6 Kg5 45. b7 Kxh5 46. Nxe5 Kh4 47. Nd7 Bc7 48. Kxd4 Kg3 49. Ke4 h5 50.
Nf6 h4 51. Nh5+ Kg2 52. Nf4+ Kg3 53. Nd5 Bb8 54. Ne3 1-0

[Event "*** SCC Grand Prix: Titled Tuesday Blitz"]
[Site "Chess.com"]
[Date "2020.07.14"]
[Round "1"]
[White "Nafania1"]
[Black "EvgenyT"]
[Result "0-1"]
[WhiteElo "2433"]
[BlackElo "2914"]
[TimeControl "180+1"]
[EndTime "10:08:15 PDT"]
[Termination "EvgenyT won by resignation"]

1. e4 c6 2. d4 d5 3. exd5 cxd5 4. Bd3 Nc6 5. c3 g6 6. h3 Bf5 7. Be2 Nf6 8. Nf3 e6 9. Bf4 Bd6 10. Bxd6 Qxd6 11. O-O O-O-O 12. Na3 Kb8 13. Bb5 g5 14. Bxc6 Qxc6 15. Ne5 Qe8 16. Qb3 Ne4 17. Qb5 f6 18.
Qxe8 Rhxe8 19. Nf3 g4 20. hxg4 Bxg4 21. Nh2 Bf5 22. Rad1 Rg8 23. Kh1 Rg7 24. Nb1 Rdg8 25. g3 Bh3 26. Nd2 Nxd2 27. Rxd2 Bxf1 28. Nxf1 Kc7 29. Re2 Kd6 30. Ne3 h5 31. Kh2 h4 32. g4 Rxg4 33. Nxg4 Rxg4 34. Re3 e5 35.
Rf3 Ke6 36. dxe5 fxe5 37. Rf8 b5 38. Kh3 Ra4 39. a3 a6 40. Rh8 Kf5 41. Rh5+ Kf4 42. Rxh4+ Kf3 43. Rh5 Kxf2 44. Rf5+ Ke3 45. Rxe5+ Kd3 46.
Rxd5+ Kc2 47. Rd4 Ra5 48. Rb4 Kd3 49. Kg3 Ke3 50. Kg4 Kd3 51. Kf5 Kc2 52. Ke5 Ra4 53. Kf5 Rxb4 54. axb4 Kxb2 55. Ke4 Kxc3 56. Kd5 Kxb4 57.
Kc6 a5 0-1

[Event "*** SCC Grand Prix: Titled Tuesday Blitz"]
[Site "Chess.com"]
[Date "2020.07.14"]
[Round "1"]
[White "GregShahade"]
[Black "Atanejhad"]
[Result "1-0"]
[WhiteElo "2721"]
[BlackElo "2381"]
[TimeControl "180+1"]
[EndTime "10:08:15 PDT"]
[Termination "GregShahade won on time"]

1. e4 e5 2. Nf3 Nc6 3. Bb5 a6 4. Ba4 Nf6 5. O-O Be7 6. Re1 b5 7.
Bb3 d6 8. c3 O-O 9. h3 Na5 10.
Bc2 c5 11. d4 Qc7 12. d5 Ne8 13. b3 g6 14. Bh6 Ng7 15. Nbd2 Nb7 16. a4 Bd7 17.
Qe2 Rfb8 18. Nh2 Nd8 19. Ra2 f6 20. Rea1 bxa4 21. bxa4 Nf7 22. Be3 f5 23. f3 f4 24.
Bf2 g5 25. Bd3 Qc8 26. Nc4 h5 27. Rb2 Rxb2 28. Qxb2 Rb8 29. Qe2 Bd8 30. Nd2 a5 31. Bb5 Nh6 32. Nc4 Bc7 33. Na3 Kf7 34. Bxd7 Qxd7 35.
Nb5 Bb6 36. Rb1 Rg8 37. c4 Ne8 38. Nc3 Bd8 39. Qb2 g4 40. Qb7 Bc7 41. hxg4 hxg4 42. Be1 g3 43. Nf1 Rh8 44. Bxg3 fxg3 45. Nxg3 Kf8 46.
Nce2 Rg8 47. Qc6 Qf7 48. Rb7 Rg7 49. Ra7 Qf6 50. Ra8 Re7 51. Rc8 Qh4 52. Rxe8+ Rxe8 53. Qxc7 Qf6 54. Qxa5 1-0

[Event "*** SCC Grand Prix: Titled Tuesday Blitz"]
[Site "Chess.com"]
[Date "2020.07.14"]
[Round "1"]
[White "czasnaszachy"]
[Black "GelmanAlexander"]
[Result "0-1"]
[WhiteElo "2244"]
[BlackElo "2572"]
[TimeControl "180+1"]
[EndTime "10:08:15 PDT"]
[Termination "GelmanAlexander won on time"]

1. d4 Nf6 2. c4 c5 3. d5 b5 4. cxb5 a6 5. b6 d6 6. Nc3 Nbd7 7. e4 Rb8 8. Nf3 g6 9. Be2 Bg7 10. O-O O-O 11. a4 Qxb6 12. a5 Qb7 13. Nd2 Ne8 14.
Nc4 Nc7 15. Na4 Nb5 16. Nab6 Nd4 17. Be3 Nxb6 18. Nxb6 f5 19. f3 Bd7 20. Bc4 Bb5 21.
Qd3 Bxc4 22. Qxc4 fxe4 23. fxe4 Rxf1+ 24. Rxf1 Rf8 25. Rxf8+ Kxf8 26. b4 Be5 27. bxc5 dxc5 28. Qxc5 Ne2+ 29. Kf2 Nc3 30. Qc4 Qc7 31. Qxc7 Bxc7 32.
Kf3 Bxh2 33. Nd7+ Ke8 34. Nc5 Bc7 35. Nxa6 Bxa5 36. Nb8 Bc7 37. Nc6 Kf7 38. Nd4 h5 39. Ne6 Be5 40. Ng5+ Kf6 41. Ne6 Nd1 42. Bd4 Bxd4 43.
Nxd4 Nc3 44. Nc6 g5 45. e5+ Kf7 46. Nb4 Nb5 47. Ke3 Kg6 48. Ke4 Nc3+ 49. Kd4 Ne2+ 50. Ke3 Nf4 51. Ke4 Nxg2 52. d6 exd6 53. exd6 Kf6 54. Nc6 Ke6 55. Ne5 Nf4 56. d7 Ke7 0-1

[Event "*** SCC Grand Prix: Titled Tuesday Blitz"]
[Site "Chess.com"]
[Date "2020.07.14"]
[Round "1"]
[White "arminmusovic"]
[Black "poppy73"]
[Result "1-0"]
[WhiteElo "2556"]
[BlackElo "2226"]
[TimeControl "180+1"]
[EndTime "10:08:18 PDT"]
[Termination "arminmusovic won by checkmate"]

1. a3 d5 2. Nc3 e5 3. d4 e4 4. Bf4 Nf6 5. Be5 Nbd7 6. Nb5 Nxe5 7. dxe5 Ng4 8. Qxd5 Qxd5 9. Nxc7+ Kd7 10. Nxd5 Nxe5 11. e3 Kc6 12. Nc3 Bf5 13. Nge2 Bg6 14. Nf4 f5 15. Ne6 a6 16. h3 Bf7 17. Nd4+ Kc7 18.
Nxf5 Bg6 19. Ng3 Re8 20. O-O-O b5 21. Ngxe4 Nc4 22. Bxc4 bxc4 23. Ng3 Bd6 24. Nge2 Rhf8 25. Nf4 Be4 26. Nxe4 Rxe4 27. f3 Bxf4 28. fxe4 Bxe3+ 29. Kb1 Re8 30. Rhe1 Bf4 31. Rd5 Be5 32. Rc5+ Kd6 33.
Rxc4 Rb8 34. Rd1+ Ke7 35. Rb4 Rf8 36. Rb7+ Ke6 37. Rb6+ Ke7 38. Rxa6 Rb8 39. b4 Rc8 40. Ra7+ Ke6 41. Ra6+ Ke7 42. Ra5 Ke6 43. Rc5 Rf8 44.
a4 Rb8 45. b5 Ra8 46. Rc6+ Ke7 47. Rd5 Bf6 48. Rc7+ Ke6 49. Rc6+ Ke7 50. Ra6 Rc8 51. e5 Bg5 52. Rdd6 Rf8 53. Ra7+ Ke8 54. Ra8+ Kf7 55. Rxf8+ Kxf8 56. a5 Be7 57. a6 Bxd6 58. exd6 Ke8 59. c4 Kd7 60. c5 Kc8 61. b6 Kb8 62. c6 Kc8 63. Kc2 Kb8 64. Kd3 Kc8 65. Ke4 Kb8 66. Kd5 Kc8 67. Ke6 Kb8 68. Kf7 Kc8 69. Kxg7 Kb8 70.
Kxh7 Kc8 71. Kg7 Kb8 72. Kf7 Kc8 73. g4 Kb8 74. g5 Kc8 75. h4 Kb8 76. h5 Kc8 77. h6 Kb8 78. g6 Kc8 79. g7 Kb8 80. h7 Kc8 81. Ke6 Kb8 82. g8=Q# 1-0

[Event "*** SCC Grand Prix: Titled Tuesday Blitz"]
[Site "Chess.com"]
[Date "2020.07.14"]
[Round "1"]
[White "Bossche-CM"]
[Black "ChessArchitect64"]
[Result "1-0"]
[WhiteElo "2458"]
[BlackElo "1867"]
[TimeControl "180+1"]
[EndTime "10:08:18 PDT"]
[Termination "Bossche-CM won by resignation"]

1. e4 c5 2. b3 Nc6 3. Bb2 d6 4.
Nc3 Nf6 5. Nf3 g6 6. Nd5 Bg7 7.
Nxf6+ Bxf6 8. Bxf6 exf6 9. Bc4 Be6 10. Bd5 O-O 11. O-O Bxd5 12. exd5 Ne5 13. c4 Re8 14. Re1 Nxf3+ 15. Qxf3 f5 16. Qc3 a6 17. Kf1 Qh4 18. h3 b5 19. Re3 Rxe3 20. dxe3 b4 21. Qb2 a5 22. a3 Rb8 23. axb4 axb4 24. Ra6 Qe7 25.
Qa1 Re8 26. Kg1 h5 27. Ra7 Qg5 28. Rd7 f4 29. exf4 Qxf4 30. g3 Qf5 31. Rxd6 Qxh3 32.
Ra6 h4 33. Ra8 Rxa8 34. Qxa8+ Kg7 35. Qb8 Qf5 36. Qf4 Qb1+ 37. Kg2 hxg3 38. Qxg3 Qe4+ 39. Qf3 Qc2 40. Qe3 Qf5 41. Qxc5 Qg4+ 42. Kf1 Qd1+ 43.
Kg2 Qg4+ 44. Kh2 Qh5+ 45. Kg3 Qg5+ 46. Kf3 Qf5+ 47. Ke2 Qc2+ 48. Kf3 Qxb3+ 49. Qe3 Qxc4 50. Qe5+ Kg8 51. d6 Qc6+ 52. Kg3 b3 53. f4 Qd7 54.
Qe7 Qf5 55. d7 Qd3+ 56. Kh4 g5+ 57. Qxg5+ Kh7 58. d8=Q Qxd8 59. Qxd8 1-0

[Event "*** SCC Grand Prix: Titled Tuesday Blitz"]
[Site "Chess.com"]
[Date "2020.07.14"]
[Round "1"]
[White "GHANDEEVAM2003"]
[Black "Oligan22"]
[Result "1-0"]
[WhiteElo "3028"]
[BlackElo "2447"]
[TimeControl "180+1"]
[EndTime "10:08:19 PDT"]
[Termination "GHANDEEVAM2003 won by resignation"]

1. b3 Nf6 2. Bb2 e6 3. Nf3 d5 4. g3 b6 5. Bg2 Bb7 6. O-O Nbd7 7. c4 Be7 8. Nc3 O-O 9. cxd5 exd5 10. d4 Re8 11.
Rc1 a6 12. e3 Bd6 13. Ne2 Ne4 14. Nf4 h6 15. Nd3 a5 16. Qc2 Qe7 17. Nfe5 Bxe5 18.
dxe5 c5 19. Rfd1 Rad8 20. f3 Ng5 21. f4 Ne4 22. Nf2 Nxf2 23. Qxf2 Nf8 24. f5 Nh7 25.
Re1 Ng5 26. f6 gxf6 27. exf6 Qe6 28. Kh1 Ne4 29. Qf4 Kh7 30. Rf1 Rg8 31. Rce1 Rg4 32. Qf3 Rg6 33. Qh5 Rdg8 34. Rf4 Rg5 35. Qe2 Bc6 36. Ref1 Qd7 37. Rd1 Qe6 38. Qc2 R5g6 39. Kg1 Ng5 40. Qf2 Ne4 41. Bxe4 dxe4 42. Kh1 Qh3 43.
Rh4 Qe6 44. Qf4 Bd5 45. Rh5 Bc6 46. Rd6 Qc8 47. Be5 a4 48. Qh4 axb3 49. axb3 Qa6 50.
Qf4 Bb7 51. Qf5 Qe2 52. Rd7 Qe1+ 53. Kg2 Qe2+ 54. Qf2 Qxh5 55. Rxf7+ Kh8 56. Re7 Qf5 57. Qxf5 Bc8 58. f7+ Kh7 59. fxg8=Q+ 1-0

[Event "*** SCC Grand Prix: Titled Tuesday Blitz"]
[Site "Chess.com"]
[Date "2020.07.14"]
[Round "1"]
[White "AniJak"]
[Black "Chernobay_Artem"]
[Result "1-0"]
[WhiteElo "2331"]
[BlackElo "2616"]
[TimeControl "180+1"]
[EndTime "10:08:19 PDT"]
[Termination "AniJak won on time"]

1. e4 c5 2. Nc3 d6 3. g3 Nc6 4.
Bg2 g6 5. d3 Bg7 6. Nh3 h5 7.
Be3 Nd4 8. f3 Qa5 9. O-O Nf6 10.
Ng5 h4 11. g4 h3 12. Bh1 Bd7 13. a3 Ne6 14. Nxe6 Bxe6 15. Qd2 Rc8 16. Ne2 Qxd2 17. Bxd2 Nd7 18. Bc3 Ne5 19. Nf4 Bd7 20. Kf2 b5 21. Kg3 Bc6 22. Nxh3 Bf6 23. g5 Bd7 24. gxf6 Rxh3+ 25. Kg2 exf6 26. f4 Nc6 27. Bxf6 Nd4 28. Bxd4 cxd4 29. Rf2 Rc5 30. Kg1 Rh4 31. Re1 g5 32. f5 f6 33. Bf3 Ke7 34. Rg2 Rh8 35. Bd1 a5 36. Rg4 b4 37. axb4 axb4 38. Rg2 Ra8 39.
h4 Rg8 40. hxg5 Rxg5 41. Rxg5 fxg5 42. Kf2 Kf6 43. Kg3 Ra5 44. Rh1 Ra1 45. Rh6+ Ke5 46. Rh1 Ba4 47. b3 Bd7 48. Kf2 g4 49. Rg1 Rc1 50.
Ke2 Kf4 51. Rf1+ Kg3 52. Rg1+ Kh3 53. Kf2 Rxd1 54. Rxd1 Kh2 55. Rg1 1-0

[Event "*** SCC Grand Prix: Titled Tuesday Blitz"]
[Site "Chess.com"]
[Date "2020.07.14"]
[Round "1"]
[White "Miss_JJ20"]
[Black "GjakanTati"]
[Result "0-1"]
[WhiteElo "2247"]
[BlackElo "2573"]
[TimeControl "180+1"]
[EndTime "10:08:19 PDT"]
[Termination "GjakanTati won by resignation"]

1. d4 Nf6 2. c4 g6 3. Nf3 Bg7 4. g3 O-O 5. Bg2 d6 6. O-O Ne4 7. Nbd2 Nxd2 8. Bxd2 e5 9. Bc3 e4 10. Nd2 f5 11. e3 Nd7 12. Rc1 c6 13. Qb3 Kh8 14. Bb4 c5 15. Bc3 b6 16. Rfd1 Bb7 17.
Qa4 Qe7 18. b4 cxd4 19. Bxd4 Ne5 20. Bxe5 Bxe5 21. Nb3 Rfc8 22. Nd4 Qf7 23. Qb3 Ba6 24. b5 Bb7 25. a4 Rc5 26. Bf1 Rac8 27. Rd2 Qf6 28. Rcd1 h5 29. Qa2 h4 30. a5 hxg3 31. hxg3 Qf7 32. axb6 axb6 33. Qa7 d5 34. cxd5 Bxd5 35. Qxf7 Bxf7 36. Nc6 Bf6 37. Rd7 Kg7 38. Ne7 Bxe7 39. Rxe7 R8c7 40. Rdd7 Rxd7 41. Rxd7 Rd5 42. Rb7 Rd6 43. Kg2 Kf6 44. Rc7 Be6 45. Rc6 Rxc6 46.
bxc6 Ke5 47. Ba6 Kd6 48. Bb5 Kc5 49. Ba4 b5 50. Bc2 Kxc6 51. g4 fxg4 52. Kg3 Bf5 53. Kf4 Kc5 54. Ke5 Kc4 55. Bb1 b4 56. Kf4 Kc3 57.
Ba2 b3 58. Bxb3 Kxb3 59. Kg3 Kc3 60. Kf4 Kd3 61. Kg3 Ke2 62. Kg2 Bd7 63. Kg3 Kf1 64.
Kf4 Bf5 65. Kg3 Kg1 66. Kf4 Kxf2 0-1

[Event "*** SCC Grand Prix: Titled Tuesday Blitz"]
[Site "Chess.com"]
[Date "2020.07.14"]
[Round "1"]
[White "Manukyan_Artak"]
[Black "rhinoceros2015"]
[Result "0-1"]
[WhiteElo "2364"]
[BlackElo "2702"]
[TimeControl "180+1"]
[EndTime "10:08:25 PDT"]
[Termination "rhinoceros2015 won by resignation"]

1. e4 Nf6 2. Nc3 d5 3. exd5 Nxd5 4. Bc4 c6 5. Qf3 e6 6. Nge2 Nd7 7. d4 Qf6 8. Nxd5 cxd5 9. Qxf6 Nxf6 10. Bd3 Bd7 11.
c3 b5 12. a3 a5 13. Bd2 Bd6 14. Bf4 Ke7 15. Bxd6+ Kxd6 16. Kd2 Ne4+ 17. Bxe4 dxe4 18. b3 a4 19. b4 Bc6 20. Ke3 f5 21. h4 Bd5 22. Nf4 Rac8 23. Rac1 Rc7 24. h5 Rhc8 25. Kd2 Bc4 26. Rh3 e5 27. dxe5+ Kxe5 28. Ne2 Bxe2 29. Kxe2 Kd5 30. Rd1+ Ke5 31. Kd2 Rd8+ 32. Kc2 Rxd1 33. Kxd1 f4 34. h6 g5 35. Kc2 Kf5 36. Rh1 Kg4 37. Re1 Rc4 38. Rd1 Rc6 39. Rd5 Rxh6 40. Rxb5 Rh2 41. c4 Rxg2 42. c5 Rxf2+ 43.
Kc3 Rf1 44. Rb8 e3 45. Re8 Kf3 46. b5 g4 47. b6 e2 48. b7 Rb1 49. c6 g3 50. c7 g2 51. c8=Q g1=Q 52. Qc6+ Kf2 53. Qc5+ Kf1 54. Qxg1+ Kxg1 55. Rxe2 Rxb7 56. Re4 f3 57.
Rxa4 f2 58. Rg4+ Kh2 59. Rf4 Kg2 60. a4 f1=Q 0-1